 Dungeon Crawl Stone Soup version 0.30-a0-222-ge547ba4400 (webtiles) character file.

Game seed: 5914073398542297746

43 glaedl the Gusty (level 3, -4/26 HPs)
             Began as a Draconian Air Elementalist on Oct 9, 2022.
             Slain by a worm (10 damage)
             ... on level 1 of the Dungeon.
             The game lasted 00:05:48 (1582 turns).

glaedl the Gusty (Draconian Air Elementalist)       Turns: 1582, Time: 00:05:48

Health: -4/26      AC:  5    Str: 10    XL:     3   Next: 37%
Magic:  0/6        EV: 12    Int: 17    God:
Gold:   72         SH:  0    Dex: 11    Spells: 5/6 levels left

rFire   . . .      SeeInvis .    k - staff of earth
rCold   . . .      Faith    .    (no shield)
rNeg    . . .      Spirit   .    (body armour unavailable)
rPois   .          Reflect  .    (helmet restricted)
rElec   .          Harm     .    (no cloak)
rCorr   .          Rampage  .    (no gloves)
Will    .....                    (no boots)
Stlth   ++........               (no amulet)
HPRegen 0.24/turn                (no ring)
MPRegen 0.10/turn                (no ring)

@: no status effects
A: AC +5, unfitting armour, cold-blooded
a: no special abilities


You were on level 1 of the Dungeon.
You visited 1 branch of the dungeon, and saw 2 of its levels.

You collected 72 gold pieces.

Inventory:

Magical Staves
 k - a staff of earth (weapon)
Jewellery
 i - a ring of protection from cold
 l - a ring of protection from cold
Scrolls
 d - a scroll of fog
 e - a scroll of immolation
 f - a scroll of fear {unknown}
 h - a scroll of vulnerability {unknown}
Potions
 a - a potion of magic
 b - 2 potions of curing {unknown}
 c - a potion of lignification {unknown}
 g - a potion of might {unknown}
 j - 2 potions of resistance {unknown}


   Skills:
 - Level 1.7 Dodging
 + Level 2.2 Stealth
 + Level 2.3 Spellcasting
 + Level 1.6 Conjurations
 * Level 3.6 Air Magic


You had 5 spell levels left.
You knew the following spells:

 Your Spells              Type           Power      Damage    Failure   Level
a - Shock                 Conj/Air       44%        1d5       6%          1

Your spell library contained the following spells:

 Spells                   Type           Power      Damage    Failure   Level
 Static Discharge         Conj/Air       22%        2-3/arc   10%         2
 Swiftness                Air            14%        N/A       13%         3
 Airstrike                Air            7%         2d(1-17)  38%         4


Dungeon Overview and Level Annotations

Branches:
Dungeon (2/15)

Altars:


Innate Abilities, Weirdness & Mutations

Your plain brown scales are hard. (AC +5)
You cannot fit into any form of body armour.
You are cold-blooded and may be slowed by cold attacks.


Message History

The worm is severely wounded.
You hit the worm but do no damage.
The worm is severely wounded.
The worm bites you!
You barely miss the worm.
The worm is severely wounded.
The worm closely misses you.
You hit the worm.
The worm is severely wounded.
The worm misses you.
You hit the worm but do no damage.
The worm is severely wounded.
The worm barely misses you.
You barely miss the worm.
The worm is severely wounded.
You hit the worm.
The worm is severely wounded.
The worm closely misses you.
You hit the worm but do no damage.
The worm is severely wounded.
The worm bites you.
You hit the worm.
You tail-slap the worm, but do no damage.
The worm is almost dead.
The worm bites you.
You are too injured to fight recklessly!
Aiming: Shock (safe; 6% risk of failure)
Press: ? - help, Q - select action Shift-Dir - straight line, f/p - worm
Aim: a worm (almost dead, 89% to hit)
The zap hits the worm.
The worm is almost dead.
You are too injured to fight recklessly!
You are too injured to fight recklessly!
You are too injured to fight recklessly!
You hit the worm but do no damage.
The worm is almost dead.
The worm bites you.
* * * LOW HITPOINT WARNING * * *
The worm bites you!
You die...

## #####
.##########...############
............#.##.w.......#
#.#######.#...##@#######.#
#................# #.#
#..#.####.##)###.# #w#
#..#.# #.##.# #.# #.#
#..#.## #.##.# #.# ##.##
#..#..# #.##.###.# ##...##
##.##.# #........#
#.###.###### #...#.#
###.####.# #.# #..รท...w
#.#.#.# #.# #.#
#.###.######


You could see a worm.

Vanquished Creatures
  A gnoll (D:1)
  A dart slug (D:1)
  A ball python (D:1)
  4 bats (D:1)
  3 giant cockroaches (D:1)
  2 goblins (D:1)
  7 hobgoblins
  2 kobolds (D:1)
  2 frilled lizards (D:1)
  5 rats (D:1)
28 creatures vanquished.

Notes
Turn   | Place    | Note
-------+----------+-------------------------------------------
     0 | D:1      | glaedl the Draconian Air Elementalist began the quest for
                  | the Orb.
     0 | D:1      | Reached XP level 1. HP: 14/14 MP: 3/3
   241 | D:1      | Found a faded altar of an unknown god.
   269 | D:1      | Reached XP level 2. HP: 20/20 MP: 3/5
   631 | D:1      | Reached XP level 3. HP: 26/26 MP: 3/6
  1582 | D:1      | Slain by a worm

Illustrated notes

Levels and vault maps discovered:
D:1:      minmay_arrival_jagged, layout_loops_ring,
          ebering_ecumenical_altar_abandoned
D:2:      layout_loops_cross

Skill      XL: |  1 |
---------------+----+-----
Stealth        | 2 |  2.2
Dodging        | |  1.7
Spellcasting   | |  2.3
Conjurations   | |  1.6
Air Magic      | |  3.6

Action                   || total
-------------------------++-------
Melee: Unarmed           ||    36
       Tailslap          ||     5
       Staff             ||     9
 Cast: Shock             ||    76
  Use: Scroll            ||     2
Armor: Skin              ||    17
Dodge: Dodged            ||    46

Table legend: (Time is in decaauts)
 A = Elapsed time spent in this place.
 B = Non-inter-level travel time spent in this place.
 C = Inter-level travel time spent in this place.
 D = Time resting spent in this place.
 E = Time spent auto-exploring this place.
 F = Levels seen in this place.
 G = Mean time per level.
                   A        B        C        D        E       F      G
               +--------+--------+--------+--------+--------+-----+--------+
         Total |   1584 |   1555 |     29 |    132 |   1055 |   2 |  792.0 |
       Dungeon |   1584 |   1555 |     29 |    132 |   1055 |   2 |  792.0 |
               +--------+--------+--------+--------+--------+-----+--------+

Top non-repeatable levels by time:
     D:1: 1428 daAuts
     D:2: 156 daAuts
